[Event "PJKL 2008 AB categorie"]
[Site "Roermond"]
[Date "2008.12.29"]
[Round "6"]
[White "Clabbers, Sjors "]
[Black "Kool, Patrick "]
[Result "1-0"]
[ECO "C30"]
[WhiteElo "1287"]
[BlackElo "1350"]
[PlyCount "89"]
[EventDate "2008.??.??"]
[TimeControl "240+2"]

{1MB, Fritz10.ctg, ERIC-LAPTOP} 1. e4 e5 2. f4 d6 3. Nf3 Bg4 4. Bc4 Nc6 5. O-O
Nf6 6. Qe1 Be6 7. Bxe6 fxe6 8. fxe5 dxe5 9. Nc3 Qd7 10. d3 h6 11. Be3 Bb4 12.
h3 O-O-O 13. Qf2 b6 14. a3 Bxc3 15. bxc3 Rhf8 16. Qd2 Rf7 17. a4 Qd6 18. c4 Nd4
19. Bxd4 exd4 20. e5 Qe7 21. exf6 Rxf6 22. a5 Qc5 23. axb6 cxb6 24. Rxa7 Rd7
25. Rxd7 Kxd7 26. Qe2 Kd6 27. Nd2 Rxf1+ 28. Qxf1 Ke7 29. Nb3 Qe5 30. Qf2 Qe3
31. Qxe3 dxe3 32. Nd4 Kd6 33. Kf1 Ke5 34. c3 g5 35. g3 h5 36. Ke2 h4 37. gxh4
gxh4 38. Kxe3 Kd6 39. Nf3 Kc5 40. Nxh4 b5 41. cxb5 Kxb5 42. Nf3 Kc5 43. h4 Kd6
44. c4 e5 45. Ke4 1-0

[Event "PJKL 2008 AB categorie"]
[Site "Roermond"]
[Date "2008.12.29"]
[Round "6"]
[White "Leyten, Solange "]
[Black "Cals, Florens "]
[Result "0-1"]
[ECO "C55"]
[WhiteElo "631"]
[BlackElo "1081"]
[PlyCount "58"]
[EventDate "2008.??.??"]
[TimeControl "240+2"]

{1MB, Fritz10.ctg, ERIC-LAPTOP} 1. e4 e5 2. Nf3 Nc6 3. Bc4 Nf6 4. O-O Nxe4 5.
Nxe5 Nxe5 6. c3 d5 7. Be2 Bd6 8. Qb3 c6 9. d4 Ng6 10. f3 Ng5 11. Nd2 Nf4 12.
Bd1 h5 13. Re1+ Kf8 14. c4 h4 15. c5 Bc7 16. Qe3 h3 17. Kf2 hxg2 18. b4 Rxh2
19. Bb2 Nfh3+ 20. Ke2 g1=Q+ 21. Kd3 Bf5+ 22. Kc3 Qxe3+ 23. Rxe3 Rxd2 24. f4
Bxf4 25. Re1 Ne4+ 26. Kb3 a5 27. a4 axb4 28. Bc1 Rd3+ 29. Kxb4 Qa5# 0-1

[Event "PJKL 2008 C categorie"]
[Site "Gemeente Leudal"]
[Date "2008.12.29"]
[Round "4"]
[White "Yue, Tim"]
[Black "de Ridder, Naomi"]
[Result "0-1"]
[ECO "C47"]
[WhiteElo "1500"]
[BlackElo "1217"]
[PlyCount "31"]
[EventDate "2008.??.??"]
[TimeControl "240+2"]

{65MB, Fritz10.ctg, LT-111} 1. e4 e5 2. Nf3 Nc6 3. d4 exd4 4. Nxd4 Nf6 5. Nc3
Bb4 6. f3 d5 7. Nxc6 bxc6 8. Bd2 dxe4 9. Nxe4 Nxe4 10. Bxb4 Qh4+ 11. Ke2 Ba6+
12. Ke3 Nf2 13. Qe1 Bxf1 14. Rxf1 O-O-O 15. g3 Qd4+ 16. Ke2 0-1

[Event "PJKL 2008 C categorie"]
[Site "Gemeente Leudal"]
[Date "2008.12.29"]
[Round "4"]
[White "Klokgieters, Jeroen "]
[Black "Katoen, Tom "]
[Result "1/2-1/2"]
[ECO "B30"]
[WhiteElo "1085"]
[BlackElo "1015"]
[PlyCount "35"]
[EventDate "2008.??.??"]
[TimeControl "240+2"]

{65MB, Fritz10.ctg, LT-111} 1. e4 c5 2. Nf3 d6 3. Nc3 Nf6 4. Bc4 g6 5. d3 Bg7
6. O-O O-O 7. h3 Nc6 8. Nd5 Nxd5 9. Bxd5 Qc7 10. Bxc6 Qxc6 11. a3 Bd7 12. Rb1
Qb6 13. b3 Rab8 14. Be3 Qa5 15. a4 a6 16. Qc1 Rfe8 17. Bf4 Qc7 18. Qd2 1/2-1/2

[Event "PJKL 2008 C categorie"]
[Site "Gemeente Leudal"]
[Date "2008.12.29"]
[Round "4"]
[White "van Mulekom, Maureen "]
[Black "Peeters, Victor "]
[Result "0-1"]
[ECO "C26"]
[WhiteElo "955"]
[BlackElo "954"]
[PlyCount "126"]
[EventDate "2008.??.??"]
[TimeControl "240+2"]

{65MB, Fritz10.ctg, LT-111} 1. e4 e5 2. Nc3 Nf6 3. g3 Bc5 4. Bg2 O-O 5. d3 Nc6
6. Nge2 d6 7. O-O Bg4 8. Bg5 h6 9. Bxf6 Qxf6 10. Nd5 Qd8 11. Kh1 Bxe2 12. Qxe2
Nd4 13. Qd2 c6 14. Ne3 Qg5 15. Rae1 Rae8 16. c3 Ne6 17. b4 Bxe3 18. Rxe3 Rd8
19. d4 b5 20. d5 cxd5 21. Qxd5 Nc7 22. Qb7 Rd7 23. Qxa7 Ra8 24. Qb6 Rxa2 25.
Qb8+ Qd8 26. Qxd8+ Rxd8 27. f4 f6 28. h3 d5 29. fxe5 fxe5 30. exd5 Nxd5 31.
Bxd5+ Rxd5 32. Rfe1 Rdd2 33. Rxe5 Rh2+ 34. Kg1 Rag2+ 35. Kf1 Rxg3 36. Re8+ Kh7
37. R8e2 Rhxh3 38. Rg2 Rxg2 39. Kxg2 Rxc3 40. Re5 Kg6 41. Rxb5 Rb3 42. Rb7 Kf6
43. Rb6+ Kf7 44. Rb7+ Kg8 45. Rb8+ Kh7 46. Kf2 g5 47. Rb7+ Kg6 48. Rb6+ Kh5 49.
Kg2 g4 50. Rb5+ Kh4 51. Rb6 Rb2+ 52. Kf1 h5 53. Rf6 Rxb4 54. Kf2 Kg5 55. Re6
Kh4 56. Re1 g3+ 57. Kg2 Rb2+ 58. Kg1 Kh3 59. Rf1 Kg4 60. Kh1 h4 61. Kg1 h3 62.
Rc1 h2+ 63. Kf1 h1=Q# 0-1

[Event "PJKL 2008 C categorie"]
[Site "Gemeente Leudal"]
[Date "2008.12.29"]
[Round "4"]
[White "Bokern, Paul "]
[Black "Godding, Mick "]
[Result "0-1"]
[ECO "C02"]
[WhiteElo "1385"]
[BlackElo "1049"]
[PlyCount "58"]
[EventDate "2008.??.??"]
[TimeControl "240+2"]

{65MB, Fritz10.ctg, LT-111} 1. e4 e6 2. d4 c5 3. Nf3 Nc6 4. c3 d5 5. e5 f6 6.
Bf4 Nh6 7. Bxh6 gxh6 8. Bb5 Bd7 9. Na3 a6 10. Bd3 c4 11. Bc2 fxe5 12. Nxe5 Nxe5
13. dxe5 Qg5 14. O-O Qxe5 15. Qf3 Bd6 16. Qh3 Qg5 17. Rad1 Bf4 18. g3 e5 19.
Qg2 Rg8 20. Qxd5 Bc6 21. Qe6+ Kf8 22. Rd6 Re8 23. Qxc4 Qh5 24. Bb3 Kg7 25. Re6
Qh3 26. Re7+ Kh8 27. Rxh7+ Kxh7 28. Qf7+ Rg7 29. Bc2+ e4 0-1

[Event "PJKL 2008 C categorie"]
[Site "Gemeente Leudal"]
[Date "2008.12.29"]
[Round "4"]
[White "Peters, Jeroen "]
[Black "Linssen, Freek "]
[Result "0-1"]
[ECO "B30"]
[WhiteElo "851"]
[BlackElo "1252"]
[PlyCount "94"]
[EventDate "2008.??.??"]
[TimeControl "240+2"]

{65MB, Fritz10.ctg, LT-111} 1. e4 c5 2. Bc4 Nc6 3. Nf3 d6 4. Nc3 Nf6 5. d3 g6
6. O-O Bg7 7. Be3 O-O 8. Qd2 Ng4 9. Rab1 Nxe3 10. Qxe3 Bg4 11. h3 Bxf3 12. Qxf3
Nd4 13. Qd1 a6 14. Ne2 Nxe2+ 15. Qxe2 b5 16. Bd5 Rb8 17. c4 e6 18. cxb5 exd5
19. bxa6 dxe4 20. dxe4 Ra8 21. Rfd1 Qb6 22. b3 Rxa6 23. a4 Qc6 24. Rbc1 Re8 25.
f3 Qb7 26. Qb5 Qxb5 27. axb5 Rb6 28. Rb1 Rd8 29. f4 Rxb5 30. e5 d5 31. g4 Rb4
32. Rf1 Rdb8 33. Rf3 c4 34. f5 Rxb3 35. Rfxb3 Rxb3 36. Rc1 Rxh3 37. Kg2 Rd3 38.
e6 gxf5 39. gxf5 fxe6 40. fxe6 Re3 41. Rd1 d4 42. Rxd4 Bxd4 43. e7 c3 44. e8=B
c2 45. Bf7+ Kxf7 46. Kf2 c1=R 47. Kg2 Rc2+ 0-1

[Event "PJKL 2008 C categorie"]
[Site "Gemeente Leudal"]
[Date "2008.12.29"]
[Round "4"]
[White "Bokern, Peter "]
[Black "Schols, Wouter "]
[Result "1-0"]
[ECO "C57"]
[WhiteElo "1251"]
[BlackElo "893"]
[PlyCount "69"]
[EventDate "2008.??.??"]
[TimeControl "240+2"]

{65MB, Fritz10.ctg, LT-111} 1. e4 e5 2. Nf3 Nc6 3. Bc4 Nf6 4. Ng5 Qe7 5. Bxf7+
Kd8 6. Bc4 Ke8 7. d3 h6 8. Nf3 Qc5 9. Be3 Qb4+ 10. Bd2 Qxb2 11. Bc3 Qb6 12.
Nxe5 Nxe5 13. Bxe5 d6 14. Bxf6 gxf6 15. Qh5+ Kd8 16. Bb3 Qc5 17. Qf7 Qe5 18. c3
Qg5 19. O-O Bh3 20. g3 Bxf1 21. Kxf1 Qg7 22. Qd5 Rg8 23. d4 Qg5 24. Qe6 Rg7 25.
e5 fxe5 26. Na3 exd4 27. cxd4 Re7 28. Qc4 d5 29. Qc3 Rf7 30. Qa5 Bxa3 31. Qxa3
a6 32. Re1 Qd2 33. f4 c6 34. Qd6+ Kc8 35. Re8# 1-0

[Event "PJKL 2008 C categorie"]
[Site "Gemeente Leudal"]
[Date "2008.12.29"]
[Round "4"]
[White "Beciri, Emel "]
[Black "van der Laan, Benjamin "]
[Result "0-1"]
[ECO "A20"]
[WhiteElo "1045"]
[BlackElo "888"]
[PlyCount "66"]
[EventDate "2008.??.??"]
[TimeControl "240+2"]

{65MB, Fritz10.ctg, LT-111} 1. c4 e5 2. d3 Bc5 3. Nf3 Nc6 4. g3 Nf6 5. Nc3 Ng4
6. Bg2 Nxf2 7. Qd2 Nxh1 8. Bxh1 d6 9. Bg2 Bf5 10. e4 Be6 11. Ng5 Nd4 12. Nxe6
Nxe6 13. Qe2 Nd4 14. Qd1 O-O 15. Be3 Nc2+ 16. Qxc2 Bxe3 17. Nd5 Qg5 18. Qe2 Bd4
19. Bh1 c6 20. Nc3 b5 21. cxb5 cxb5 22. Nxb5 Bc5 23. a3 Rab8 24. a4 a6 25. Nc7
Bd4 26. Rb1 Rfc8 27. Nxa6 Ra8 28. Nb4 Rxa4 29. Nc2 Bc5 30. b3 Ra2 31. Ra1 Bb4+
32. Kd1 Rcxc2 33. Rxa2 Qc1# 0-1

[Event "PJKL 2008 C categorie"]
[Site "Gemeente Leudal"]
[Date "2008.12.29"]
[Round "4"]
[White "Claessen, Remco "]
[Black "Suilen, Willem "]
[Result "1-0"]
[ECO "C47"]
[WhiteElo "1334"]
[BlackElo "1519"]
[PlyCount "113"]
[EventDate "2008.??.??"]
[TimeControl "240+2"]

{65MB, Fritz10.ctg, LT-111} 1. e4 e5 2. Nf3 Nc6 3. d4 exd4 4. Nxd4 Nf6 5. Nc3
Bb4 6. Bg5 h6 7. Bh4 Qe7 8. f3 Qe5 9. Ndb5 a6 10. Bg3 Bxc3+ 11. bxc3 Qc5 12.
Nxc7+ Ke7 13. Nxa8 Qxc3+ 14. Ke2 Nd4+ 15. Kf2 Nxc2 16. Qd6+ Ke8 17. Qe5+ Qxe5
18. Bxe5 Nxa1 19. Bxa1 Ke7 20. Nb6 d6 21. Nd5+ Nxd5 22. exd5 f6 23. Bd3 Bd7 24.
Rb1 b5 25. g4 Rc8 26. Bb2 Rc5 27. Re1+ Kf7 28. Rd1 g6 29. Ba3 Rc3 30. Bxd6 g5
31. Bb8 Rc8 32. Ba7 Rc7 33. Bb6 Rc3 34. d6 Ra3 35. Rd2 Rc3 36. Bc7 Rxd3 37.
Rxd3 Ke6 38. Re3+ Kd5 39. Re7 Kc6 40. Rf7 a5 41. Rxf6 a4 42. Ke2 b4 43. Kd2 Kc5
44. Rf7 Kc6 45. Kd3 Be6 46. Re7 Bd7 47. Kc4 b3 48. axb3 a3 49. Kc3 a2 50. Kb2
a1=Q+ 51. Kxa1 h5 52. gxh5 g4 53. fxg4 Bxg4 54. h6 Bf5 55. h4 Bd7 56. h7 Kb7
57. h8=Q 1-0

[Event "PJKL 2008 C categorie"]
[Site "Gemeente Leudal"]
[Date "2008.12.29"]
[Round "5"]
[White "Yue, Tim "]
[Black "Claessen, Remco "]
[Result "1-0"]
[ECO "C45"]
[WhiteElo "1500"]
[BlackElo "1334"]
[PlyCount "97"]
[EventDate "2008.??.??"]
[TimeControl "240+2"]

{65MB, Fritz10.ctg, LT-111} 1. e4 e5 2. Nf3 Nc6 3. d4 exd4 4. Nxd4 Bc5 5. Be3
Qf6 6. c3 Nge7 7. Be2 d5 8. Bf3 Qe5 9. Nxc6 bxc6 10. Bxc5 dxe4 11. Bd4 Qe6 12.
Be2 Qg6 13. g3 O-O 14. O-O Rd8 15. Qc2 Bf5 16. Qc1 Nd5 17. Bc4 Re8 18. Bxd5
cxd5 19. Qf4 c6 20. Na3 Bg4 21. Nc2 Qh5 22. Ne3 Bf3 23. Qf5 Qxf5 24. Nxf5 Re6
25. Nxg7 Rh6 26. Nf5 Rh5 27. Ne7+ Kf8 28. Nxc6 Re8 29. Bc5+ Kg7 30. Nd4 Bg4 31.
h4 Ree5 32. f3 Bh3 33. Rf2 Rh6 34. fxe4 dxe4 35. b4 e3 36. Re2 Bg4 37. Ree1 Rf6
38. Nc2 e2 39. Bd4 Rfe6 40. Bxe5+ Rxe5 41. Nd4 Re3 42. Kf2 Rxc3 43. Nxe2 Rc2
44. Ke3 Rb2 45. a3 Rb3+ 46. Kf4 h5 47. Nd4 Rd3 48. Ke4 Rc3 49. Rec1 1-0

[Event "PJKL 2008 C categorie"]
[Site "Gemeente Leudal"]
[Date "2008.12.29"]
[Round "5"]
[White "de Ridder, Naomi "]
[Black "Godding, Mick "]
[Result "1-0"]
[ECO "C10"]
[WhiteElo "1217"]
[BlackElo "1049"]
[PlyCount "39"]
[EventDate "2008.??.??"]
[TimeControl "240+2"]

{65MB, Fritz10.ctg, LT-111} 1. e4 e6 2. d4 c5 3. Nf3 d5 4. Nc3 dxe4 5. Nxe4 b6
6. Be3 Nf6 7. Nxf6+ Qxf6 8. Bg5 Qg6 9. Bd3 f5 10. dxc5 Bxc5 11. Bb5+ Nd7 12.
Bxd7+ Bxd7 13. Ne5 Bb5 14. Nxg6 hxg6 15. Be3 Bb4+ 16. c3 Rd8 17. Qb3 Bxc3+ 18.
bxc3 f4 19. Qxb5+ Rd7 20. Rd1 1-0

[Event "PJKL 2008 C categorie"]
[Site "Gemeente Leudal"]
[Date "2008.12.29"]
[Round "5"]
[White "Suilen, Willem "]
[Black "Katoen, Tom "]
[Result "1-0"]
[ECO "B78"]
[WhiteElo "1519"]
[BlackElo "1015"]
[PlyCount "55"]
[EventDate "2008.??.??"]
[TimeControl "240+2"]

{65MB, Fritz10.ctg, LT-111} 1. e4 c5 2. Nf3 d6 3. d4 cxd4 4. Nxd4 Nf6 5. Nc3 g6
6. Be3 Bg7 7. f3 O-O 8. Bc4 Bd7 9. Qd2 Nc6 10. O-O-O Rc8 11. Bb3 Na5 12. h4 h5
13. Bh6 Nxb3+ 14. Nxb3 b5 15. Bxg7 Kxg7 16. Nd5 Nxd5 17. Qxd5 a6 18. e5 Be6 19.
Qd4 Rc4 20. Qe3 Qc7 21. Rd2 Rc8 22. Nd4 Rxd4 23. Qxd4 Bf5 24. exd6+ Kh7 25.
dxc7 Rxc7 26. g4 Rd7 27. Qxd7 Bxd7 28. Rxd7 1-0

[Event "PJKL 2008 C categorie"]
[Site "Roermond"]
[Date "2008.12.29"]
[Round "5"]
[White "Peeters, Victor "]
[Black "Bokern, Paul "]
[Result "0-1"]
[ECO "C02"]
[WhiteElo "954"]
[BlackElo "1385"]
[PlyCount "62"]
[EventDate "2008.??.??"]
[TimeControl "240+2"]

{1MB, Fritz10.ctg, ERIC-LAPTOP} 1. e4 e6 2. Nf3 d5 3. e5 c5 4. c3 Nc6 5. d4 Qb6
6. Be2 Bd7 7. O-O Nge7 8. Be3 Qxb2 9. Qb3 Qxe2 10. Qxb7 Rb8 11. Qc7 Nf5 12. Re1
Qa6 13. Nbd2 Rb7 14. Qxb7 Qxb7 15. Rab1 Qc7 16. Bg5 cxd4 17. cxd4 Be7 18. Bxe7
Kxe7 19. Ng5 Rb8 20. Nxh7 Rxb1 21. Rxb1 Nfxd4 22. Ng5 Nxe5 23. Ngf3 Nexf3+ 24.
Nxf3 Nxf3+ 25. gxf3 Qc2 26. Ra1 e5 27. Re1 f6 28. f4 Bh3 29. f3 Qxa2 30. Rxe5+
fxe5 31. fxe5 Qg2# 0-1

[Event "PJKL 2008 C categorie"]
[Site "Roermond"]
[Date "2008.12.29"]
[Round "5"]
[White "Linssen, Freek "]
[Black "Bokern, Peter"]
[Result "0-1"]
[ECO "C64"]
[WhiteElo "1252"]
[BlackElo "1251"]
[PlyCount "62"]
[EventDate "2008.??.??"]
[TimeControl "240+2"]

{1MB, Fritz10.ctg, ERIC-LAPTOP} 1. e4 e5 2. Nf3 Nc6 3. Nc3 Bc5 4. Bb5 d6 5.
Bxc6+ bxc6 6. d3 Bg4 7. h3 Bh5 8. O-O Nf6 9. Na4 Bb6 10. Nxb6 cxb6 11. g4 Bg6
12. Nh4 d5 13. Nf5 O-O 14. exd5 Bxf5 15. gxf5 Qxd5 16. Bg5 Qd6 17. Bxf6 Qxf6
18. Qg4 Rfd8 19. Kh1 Rd4 20. Qg2 Qxf5 21. Rg1 g6 22. Rae1 Re8 23. Re4 Red8 24.
Qg4 Qxf2 25. Rg2 Rxe4 26. Qxe4 Qf1+ 27. Kh2 Qf4+ 28. Qxf4 exf4 29. Rf2 g5 30.
Rf3 Re8 31. Kg1 Re3 0-1

[Event "PJKL 2008 C categorie"]
[Site "Roermond"]
[Date "2008.12.29"]
[Round "5"]
[White "van der Laan, Benjamin "]
[Black "Klokgieters, Jeroen "]
[Result "0-1"]
[ECO "C50"]
[WhiteElo "888"]
[BlackElo "1085"]
[PlyCount "100"]
[EventDate "2008.??.??"]
[TimeControl "240+2"]

{1MB, Fritz10.ctg, ERIC-LAPTOP} 1. e4 e5 2. Nf3 Nc6 3. Bc4 Bc5 4. Ng5 Qxg5 5.
d3 Qd8 6. Qf3 Nf6 7. Bg5 Nd4 8. Qd1 O-O 9. Nc3 h6 10. Bh4 Be7 11. O-O d6 12.
Nb5 Nxb5 13. Bxb5 Bg4 14. f3 Bd7 15. Bc4 b5 16. Bb3 a5 17. a4 bxa4 18. Bxa4
Bxa4 19. Rxa4 Qd7 20. c3 Qb5 21. Qc2 Qb6+ 22. Kh1 Rfb8 23. Ra2 Qb3 24. Qb1 a4
25. d4 a3 26. Rf2 exd4 27. cxd4 c5 28. dxc5 dxc5 29. e5 Nd5 30. Qa1 Bxh4 31.
Rd2 Bg5 32. Rf2 Rd8 33. bxa3 Nc3 34. Rf1 Nxa2 35. f4 Be7 36. f5 Ra7 37. Kg1
Rad7 38. f6 gxf6 39. exf6 Rd1 40. Rxd1 Rxd1+ 41. Qxd1 Qxd1+ 42. Kf2 Qa4 43. g4
c4 44. Ke2 c3 45. Kd3 c2 46. Kd2 c1=Q+ 47. Ke2 Qe4+ 48. Kf2 Qce3+ 49. Kf1 Qc2
50. h4 Qec1# 0-1

[Event "PJKL 2008 C categorie"]
[Site "Roermond"]
[Date "2008.12.29"]
[Round "5"]
[White "Schols, Wouter "]
[Black "Beciri, Emel "]
[Result "0-1"]
[ECO "C28"]
[WhiteElo "893"]
[BlackElo "1045"]
[PlyCount "86"]
[EventDate "2008.??.??"]
[TimeControl "240+2"]

{1MB, Fritz10.ctg, ERIC-LAPTOP} 1. e4 e5 2. Nf3 Nc6 3. Nc3 Nf6 4. Bc4 Bb4 5.
O-O O-O 6. d3 Bxc3 7. bxc3 d6 8. Rb1 a6 9. Bg5 h6 10. Bxf6 Qxf6 11. Bd5 Nd8 12.
h3 c6 13. Bb3 Ne6 14. Bxe6 fxe6 15. d4 exd4 16. Nxd4 d5 17. exd5 exd5 18. Re1
c5 19. Nf3 Rd8 20. Re5 d4 21. c4 b6 22. Qe2 Bf5 23. g4 Bxc2 24. Qxc2 Qxf3 25.
Rb3 Qf6 26. Qe4 Rab8 27. Rf5 Qd6 28. Qd5+ Qxd5 29. Rxd5 Re8 30. Rd6 b5 31. cxb5
axb5 32. Rd5 c4 33. Rb1 d3 34. Rc1 Re2 35. f4 d2 36. Rd1 Re1+ 37. Rxe1 dxe1=Q+
38. Kg2 Qe4+ 39. Kg3 Qxd5 40. a4 bxa4 41. Kh4 g5+ 42. Kh5 gxf4+ 43. Kh4 Qg5#
0-1

[Event "PJKL 2008 C categorie"]
[Site "Roermond"]
[Date "2008.12.29"]
[Round "5"]
[White "van Mulekom, Maureen "]
[Black "Thommassen, Lisan "]
[Result "1-0"]
[ECO "C26"]
[WhiteElo "955"]
[BlackElo "746"]
[PlyCount "67"]
[EventDate "2008.??.??"]
[TimeControl "240+2"]

{1MB, Fritz10.ctg, ERIC-LAPTOP} 1. e4 e5 2. Nc3 Nf6 3. g3 Bb4 4. Bg2 O-O 5. d3
d6 6. Nge2 Bg4 7. O-O Nc6 8. Bg5 Nd4 9. f3 Nxe2+ 10. Qxe2 Be6 11. f4 h6 12. Bh4
Bg4 13. Qxg4 Nxg4 14. Bxd8 Raxd8 15. fxe5 Ne3 16. Rf2 Nxg2 17. Kxg2 dxe5 18.
Nb5 Bc5 19. Rf5 Rfe8 20. Nxc7 Re7 21. Nb5 a6 22. Nc3 b5 23. a4 b4 24. Nd5 Ree8
25. Raf1 f6 26. Nxf6+ gxf6 27. Rxf6 Kg7 28. Rf7+ Kg8 29. Rc7 Bd6 30. Rb7 Rc8
31. Rff7 Rf8 32. Rg7+ Kh8 33. Rh7+ Kg8 34. Rbg7# 1-0

[Event "PJKL 2008 C categorie"]
[Site "Roermond"]
[Date "2008.12.29"]
[Round "6"]
[White "Suilen, Willem "]
[Black "de RIdder, Naomi"]
[Result "0-1"]
[ECO "C66"]
[WhiteElo "1519"]
[BlackElo "1217"]
[PlyCount "66"]
[EventDate "2008.??.??"]
[TimeControl "240+2"]

{1MB, Fritz10.ctg, ERIC-LAPTOP} 1. e4 e5 2. Nf3 Nc6 3. Bb5 Nf6 4. O-O d6 5. Re1
Bg4 6. h3 Bh5 7. d3 a6 8. Bxc6+ bxc6 9. Bg5 h6 10. Bh4 g5 11. Bg3 g4 12. hxg4
Bxg4 13. Nbd2 Nh5 14. Bh4 Be7 15. Bxe7 Qxe7 16. Re3 Nf4 17. Qf1 Rg8 18. Ne1 h5
19. Nc4 Qf6 20. Rc1 Nh3+ 21. Rxh3 Bxh3 22. Ne3 Kd7 23. Kh2 Be6 24. a3 Qh4+ 25.
Kg1 Rg6 26. Qe2 Rag8 27. Qf3 Rf6 28. Qe2 Bg4 29. f3 Bh3 30. c3 Rfg6 31. Rc2 Be6
32. Rd2 Rg3 33. d4 Rh3 0-1

[Event "PJKL 2008 C categorie"]
[Site "Roermond"]
[Date "2008.12.29"]
[Round "6"]
[White "Bokern, Paul "]
[Black "Yue, Tim "]
[Result "0-1"]
[ECO "E14"]
[WhiteElo "1385"]
[BlackElo "1500"]
[PlyCount "96"]
[EventDate "2008.??.??"]
[TimeControl "240+2"]

{1MB, Fritz10.ctg, ERIC-LAPTOP} 1. d4 d5 2. c4 e6 3. Nc3 Nf6 4. Nf3 b6 5. e3
Bb7 6. Bd2 Nbd7 7. Bd3 Be7 8. O-O O-O 9. Qc2 c5 10. Rac1 cxd4 11. Nxd4 Nc5 12.
Be2 Nfe4 13. b4 Nxc3 14. Bxc3 Ne4 15. Bd3 Qd7 16. Ne2 f5 17. Nf4 Rac8 18. a3
dxc4 19. Bxe4 Bxe4 20. Rcd1 Qc6 21. Qb2 Bf6 22. Rd2 Bxc3 23. Qxc3 Rcd8 24. Rfd1
Rxd2 25. Rxd2 b5 26. Nh5 Qb7 27. Nf4 Qc8 28. Rd6 Re8 29. h4 e5 30. Nh5 Qc7 31.
Rd2 Qf7 32. Ng3 Qf6 33. a4 a6 34. axb5 axb5 35. Ra2 Rd8 36. Ra5 Rd1+ 37. Nf1
Bd3 38. Ra8+ Kf7 39. Ra7+ Kg6 40. Ra1 Rxa1 41. Qxa1 Bxf1 42. Kxf1 e4 43. Qxf6+
Kxf6 44. Ke2 Ke5 45. Kd2 f4 46. exf4+ Kxf4 47. Kc3 Ke5 48. h5 h6 0-1

[Event "PJKL 2008 C categorie"]
[Site "Roermond"]
[Date "2008.12.29"]
[Round "6"]
[White "Claessen, Remco "]
[Black "Bokern, Peter "]
[Result "1-0"]
[ECO "C45"]
[WhiteElo "1334"]
[BlackElo "1251"]
[PlyCount "75"]
[EventDate "2008.??.??"]
[TimeControl "240+2"]

{1MB, Fritz10.ctg, ERIC-LAPTOP} 1. e4 e5 2. Nf3 Nc6 3. d4 exd4 4. Nxd4 Bc5 5.
Be3 Qf6 6. c3 Nge7 7. Bc4 Ng6 8. O-O O-O 9. f4 d6 10. f5 Nge5 11. Bd5 Bd7 12.
Qd2 Nxd4 13. cxd4 Bb5 14. dxe5 Bxe3+ 15. Qxe3 Qxe5 16. Re1 Qxb2 17. Qc3 Qxc3
18. Nxc3 Bd7 19. Bxb7 Rae8 20. Bd5 c6 21. Bb3 Re5 22. Rad1 Bc8 23. Rxd6 Rc5 24.
Re3 Re8 25. Kf2 Rce5 26. g4 h5 27. h3 c5 28. Kf3 hxg4+ 29. hxg4 Bb7 30. Rd7
R5e7 31. Rxe7 Rxe7 32. Kf4 Rd7 33. Nd5 Bxd5 34. Bxd5 Rc7 35. e5 c4 36. Rc3 Rd7
37. Bxc4 Rd4+ 38. Kg5 1-0

[Event "PJKL 2008 C categorie"]
[Site "Roermond"]
[Date "2008.12.29"]
[Round "6"]
[White "Godding, Mick "]
[Black "Klokgieters, Jeroen "]
[Result "1-0"]
[ECO "C50"]
[WhiteElo "1049"]
[BlackElo "1085"]
[PlyCount "57"]
[EventDate "2008.??.??"]
[TimeControl "240+2"]

{1MB, Fritz10.ctg, ERIC-LAPTOP} 1. e4 e5 2. Nf3 Nc6 3. Bc4 Bc5 4. d3 h6 5. O-O
Nf6 6. h3 d6 7. Nc3 O-O 8. Re1 Nd4 9. Be3 Nxf3+ 10. Qxf3 Bb4 11. Bd2 Bxc3 12.
Bxc3 Be6 13. Bd2 Bxc4 14. dxc4 c5 15. Qg3 Kh8 16. Be3 Nxe4 17. Qf3 Nf6 18. Rad1
Re8 19. Bxc5 Qc7 20. Bxd6 Qxc4 21. Bxe5 Qxc2 22. Rc1 Qg6 23. Bd4 Rxe1+ 24. Rxe1
Re8 25. Rxe8+ Nxe8 26. Qxb7 Qb1+ 27. Kh2 Kg8 28. Qb8 Kf8 29. Bc5+ 1-0

[Event "PJKL 2008 C categorie"]
[Site "Roermond"]
[Date "2008.12.29"]
[Round "6"]
[White "Katoen, Tom "]
[Black "Peeters, Victor "]
[Result "1-0"]
[ECO "A28"]
[WhiteElo "1015"]
[BlackElo "954"]
[PlyCount "89"]
[EventDate "2008.??.??"]
[TimeControl "240+2"]

{1MB, Fritz10.ctg, ERIC-LAPTOP} 1. c4 e5 2. d3 d6 3. Nf3 Nf6 4. Nc3 Nc6 5. g3
d5 6. cxd5 Nxd5 7. Bd2 Nxc3 8. Bxc3 Qd5 9. Bg2 Bb4 10. O-O Bxc3 11. bxc3 Be6
12. Ng5 Qc5 13. c4 O-O-O 14. Qd2 Bxc4 15. Rac1 Rd4 16. Qe3 f5 17. Rxc4 f4 18.
Rxc5 fxe3 19. fxe3 Ra4 20. Nf7 Re8 21. Rxc6 bxc6 22. Bxc6 Rxa2 23. Bxe8 Rxe2
24. e4 Re3 25. Nxe5 Kd8 26. Bc6 Ke7 27. Nc4 Rxd3 28. e5 Rc3 29. Bd5 c6 30. Rf7+
Ke8 31. Be6 c5 32. Rxa7 Kf8 33. Bf7 g6 34. Nd6 Kg7 35. e6 Rd3 36. Rd7 Rxd6 37.
Rxd6 Kf8 38. Rd7 c4 39. Kf1 c3 40. Ke1 h5 41. Bxg6 h4 42. gxh4 c2 43. e7+ Kg7
44. e8=Q+ Kh6 45. Rh7# 1-0

[Event "PJKL 2008 C categorie"]
[Site "Roermond"]
[Date "2008.12.29"]
[Round "6"]
[White "Linssen, Freek "]
[Black "Beciri, Emel "]
[Result "1-0"]
[ECO "C45"]
[WhiteElo "1252"]
[BlackElo "1045"]
[PlyCount "67"]
[EventDate "2008.??.??"]
[TimeControl "240+2"]

{1MB, Fritz10.ctg, ERIC-LAPTOP} 1. e4 e5 2. Nf3 Nc6 3. d4 exd4 4. Nxd4 Nxd4 5.
Qxd4 d6 6. Bc4 Be6 7. Bxe6 fxe6 8. Nc3 Nf6 9. Qc4 c6 10. Qxe6+ Qe7 11. Qxe7+
Bxe7 12. Bf4 Nh5 13. Be3 O-O 14. O-O-O h6 15. g3 Rf3 16. Ne2 Bg5 17. Bxg5 hxg5
18. Rxd6 Rxf2 19. Nc3 Rf7 20. h4 gxh4 21. gxh4 Ng3 22. Rh3 Rf1+ 23. Kd2 Rf2+
24. Ke3 Nxe4 25. Nxe4 Rxc2 26. Rd2 Rc1 27. Ng5 Re1+ 28. Kf2 Re5 29. Rhd3 g6 30.
Rd7 b5 31. R2d6 Rf8+ 32. Kg3 Ref5 33. Rxg6+ Kh8 34. Rh7# 1-0

[Event "PJKL 2008 C categorie"]
[Site "Roermond"]
[Date "2008.12.29"]
[Round "6"]
[White "Peters, Jeroen "]
[Black "van Mulekom, Maureen "]
[Result "1-0"]
[ECO "C44"]
[WhiteElo "851"]
[BlackElo "955"]
[PlyCount "107"]
[EventDate "2008.??.??"]
[TimeControl "240+2"]

{1MB, Fritz10.ctg, ERIC-LAPTOP} 1. e4 e5 2. Nf3 Nc6 3. d4 Nf6 4. d5 Ne7 5. Nxe5
Nxe4 6. Nc3 Nxc3 7. bxc3 d6 8. Nf3 Bg4 9. Be2 c6 10. dxc6 Nxc6 11. O-O Be7 12.
h3 Bxf3 13. Bxf3 O-O 14. Rb1 Qd7 15. Bg4 f5 16. Bf3 Rab8 17. Be3 Ra8 18. Bd5+
Kh8 19. Bd4 Bf6 20. Qd2 Bxd4 21. cxd4 Rf6 22. Rfe1 Rg6 23. Re3 Re8 24. Rxe8+
Qxe8 25. Re1 Ne7 26. Qe2 h6 27. Qxe7 Qxe7 28. Rxe7 Rg5 29. h4 Rg4 30. f3 Rxd4
31. Bxb7 Rd2 32. g4 fxg4 33. fxg4 Rxc2 34. Be4 Rc1+ 35. Kg2 Rc8 36. g5 hxg5 37.
hxg5 Kg8 38. g6 Kf8 39. Rf7+ Kg8 40. Bd5 Kh8 41. Rf3 Rc2+ 42. Kg3 Rc8 43. Kf2
Rc2+ 44. Kf1 Rc1+ 45. Kg2 Rc2+ 46. Kg3 Rc8 47. Kf4 Rf8+ 48. Bf7 Rxf7+ 49. gxf7
g5+ 50. Kg4 Kh7 51. f8=Q Kg6 52. Qf6+ Kh7 53. Qxg5 Kh8 54. Rh3# 1-0

[Event "PJKL 2008 C categorie"]
[Site "Roermond"]
[Date "2008.12.29"]
[Round "6"]
[White "Thommassen, Lisan "]
[Black "van der Laan, Benjamin "]
[Result "1-0"]
[ECO "C50"]
[WhiteElo "746"]
[BlackElo "888"]
[PlyCount "119"]
[EventDate "2008.??.??"]
[TimeControl "240+2"]

{1MB, Fritz10.ctg, ERIC-LAPTOP} 1. e4 Nf6 2. Nc3 e5 3. Nf3 Nc6 4. Bc4 Bc5 5.
O-O O-O 6. d3 d6 7. Bg5 Bg4 8. Nd5 h6 9. Bxf6 gxf6 10. a3 f5 11. exf5 Bxf5 12.
b4 Bd4 13. Nxd4 Nxd4 14. c3 Nc6 15. b5 Na5 16. d4 Qg5 17. g3 Nxc4 18. Nxc7 Nb2
19. Qe2 Bd3 20. Qxb2 Bxf1 21. Nxa8 Rxa8 22. Rxf1 exd4 23. cxd4 a6 24. bxa6 bxa6
25. h4 Qf5 26. Re1 Qc8 27. Kh2 Rb8 28. Qe2 Qf8 29. Qxa6 Kg7 30. Qe2 d5 31. g4
Qd6+ 32. Kg1 Qxa3 33. g5 Qh3 34. Qe5+ Kg6 35. Qxb8 Qg4+ 36. Qg3 Qxd4 37. Qh3
hxg5 38. h5+ Kf6 39. Qf3+ Kg7 40. Qg3 g4 41. Kf1 Qc4+ 42. Re2 Qc1+ 43. Kg2 Qc8
44. f3 f5 45. fxg4 fxg4 46. Qh4 Kh6 47. Re5 Qc2+ 48. Qf2 Qc3 49. Qb6+ Kh7 50.
Re7+ Qg7 51. Rxg7+ Kxg7 52. Kg3 Kf7 53. Kh4 d4 54. Qxd4 g3 55. Kxg3 Kg8 56. Kg4
Kh7 57. Kg5 Kg8 58. Kg6 Kf8 59. Qd7 Kg8 60. Qg7# 1-0